 Dungeon Crawl Stone Soup version 0.29.1-2-gbd0b4ee654 (webtiles) character file.

Game seed: 14033020462750905657

100 RUZZLEFAZAZZLE the Shield-Bearer (level 4, 0/41 HPs)
             Began as a Gnoll Fighter on Nov 26, 2022.
             Slain by a gnoll
             ... wielding a +0 flail
              (8 damage)
             ... on level 3 of the Dungeon.
             The game lasted 00:03:08 (1622 turns).

RUZZLEFAZAZZLE the Shield-Bearer (Gnoll Fighter)    Turns: 1622, Time: 00:03:09

Health: 0/41       AC:  7    Str: 17    XL:     4   Next: 74%
Magic:  5/5        EV:  9    Int:  7    God:
Gold:   63         SH:  5    Dex: 12    Spells: 5/5 levels left

rFire   . . .      SeeInvis .   a - +0 war axe
rCold   . . .      Faith    +   c - +0 buckler
rNeg    . . .      Spirit   .   b - +0 scale mail
rPois   .          Reflect  .   (no helmet)
rElec   .          Harm     .   (no cloak)
rCorr   .          Rampage  .   (no gloves)
Will    .....                   (no boots)
Stlth   ..........              i - amulet of faith
HPRegen 0.13/turn               (no ring)
MPRegen 0.09/turn               (no ring)

@: no status effects
A: fangs 1, strong nose, distributed training
a: no special abilities


You were on level 3 of the Dungeon.
You visited 1 branch of the dungeon, and saw 3 of its levels.

You collected 63 gold pieces.

Inventory:

Hand Weapons
 a - a +0 war axe (weapon)
 e - a +0 quarterstaff
Armour
 b - a +0 scale mail (worn)
 c - a +0 buckler (worn)
Jewellery
 i - an amulet of faith (around neck)
Scrolls
 f - 4 scrolls of identify {unknown}
 g - a scroll of poison {unknown}
 h - a scroll of immolation {unknown}
 j - a scroll of teleportation {unknown}
 k - a scroll of noise {unknown}
Potions
 d - a potion of might


   Skills:
 + Level 6.6 Fighting
 + Level 1.2 Short Blades
 + Level 1.2 Long Blades
 + Level 4.7 Axes
 + Level 1.2 Maces & Flails
 + Level 1.2 Polearms
 + Level 1.2 Staves
 + Level 1.2 Ranged Weapons
 + Level 1.2 Throwing
 + Level 6.6 Armour
 + Level 1.2 Dodging
 + Level 1.2 Stealth
 + Level 6.6 Shields
 + Level 1.2 Unarmed Combat
 + Level 1.2 Spellcasting
 + Level 1.0 Conjurations
 + Level 1.0 Hexes
 + Level 1.0 Summonings
 + Level 1.0 Necromancy
 + Level 1.0 Translocations
 + Level 1.0 Transmutations
 + Level 1.0 Fire Magic
 + Level 1.0 Ice Magic
 + Level 1.0 Air Magic
 + Level 1.0 Earth Magic
 + Level 1.0 Poison Magic
 + Level 1.4 Invocations
 + Level 1.2 Evocations


You had 5 spell levels left.
You didn't know any spells.
Your spell library was empty.

Dungeon Overview and Level Annotations

Branches:
Dungeon (2/15)

Altars:
Uskayaw


Innate Abilities, Weirdness & Mutations

You have very sharp teeth.
Your uncanny sense of smell can sniff out nearby items.
Your experience applies equally to all skills.


Message History

The quokka bites you. The quokka attacks as you move away!
You block the quokka's attack. The quokka attacks as you move away!
The quokka bites you. The quokka barely misses you.
You hit the quokka.
The quokka is heavily wounded.
The quokka bites you but does no damage.
You slash the quokka!
You kill the quokka!
You slash the orc!
You kill the orc!
The gnoll hits you but does no damage.
Things that are here:
a +0 mace; a +0 ring mail; a quokka corpse You hit the gnoll but do no damage.
You block the gnoll's attack.
You hit the gnoll. Your bite misses the gnoll.
The gnoll is moderately wounded.
The gnoll hits you with a +0 halberd. You block the gnoll's attack.
You closely miss the gnoll.
The gnoll is moderately wounded.
The gnoll hits you with a +0 halberd!
You closely miss the gnoll. Your bite misses the gnoll.
The gnoll is moderately wounded.
The gnoll barely misses you.
You hit the gnoll but do no damage. You bite the gnoll, but do no damage.
The gnoll is moderately wounded.
The gnoll hits you but does no damage. You block the gnoll's attack.
You slash the gnoll!
You kill the gnoll!
You closely miss the gnoll. The gnoll hits you with a +0 flail.
You hit the gnoll.
The gnoll is lightly wounded.
The gnoll hits you with a +0 flail. The gnoll hits you with a +0 flail!
* * * LOW HITPOINT WARNING * * *
You closely miss the gnoll. You bite the gnoll.
The gnoll is lightly wounded.
The gnoll hits you with a +0 flail!
* * * LOW HITPOINT WARNING * * *
It was a potion of curing.
You feel better. The gnoll hits you with a +0 flail!
You die...

#........#
∆#.###.##.# # #...# #
∆ ### #.### ..#
#.###### #.# #...))).
# #.# ######## #. #.#
....... #.# #@#
####### ##...#g#
......# +..#.#.#
......# #....#.# ∆
.....# #...# .....#
### #...#######.#..
.. #.....o...#.#.# #.
#.#...###.#.#.#####.
.......g.............


You could see a gnoll.

Vanquished Creatures
  4 gnolls (D:3)
  2 adders (D:2)
  A worm (D:2)
  An orc (D:3)
  An endoplasm (D:1)
  3 giant cockroaches (D:1)
  4 goblins (D:1)
  A hobgoblin (D:2)
  3 jackals (D:2)
  4 quokkas
  5 ball pythons
  4 bats
  3 frilled lizards
  A kobold (D:2)
  2 rats (D:1)
39 creatures vanquished.

Notes
Turn   | Place    | Note
-------+----------+-------------------------------------------
     0 | D:1      | RUZZLEFAZAZZLE the Gnoll Fighter began the quest for the
                  | Orb.
     0 | D:1      | Reached XP level 1. HP: 23/23 MP: 1/1
   198 | D:1      | Reached XP level 2. HP: 27/29 MP: 2/2
   213 | D:1      | Found a faded altar of an unknown god.
   881 | D:2      | Reached XP level 3. HP: 34/35 MP: 3/3
   928 | D:2      | Reached skill level 1 in Invocations
  1086 | D:2      | Reached skill level 1 in Short Blades
  1086 | D:2      | Reached skill level 1 in Long Blades
  1086 | D:2      | Reached skill level 1 in Maces & Flails
  1086 | D:2      | Reached skill level 1 in Polearms
  1086 | D:2      | Reached skill level 1 in Staves
  1086 | D:2      | Reached skill level 1 in Ranged Weapons
  1086 | D:2      | Reached skill level 1 in Throwing
  1086 | D:2      | Reached skill level 1 in Dodging
  1086 | D:2      | Reached skill level 1 in Stealth
  1086 | D:2      | Reached skill level 1 in Unarmed Combat
  1086 | D:2      | Reached skill level 1 in Spellcasting
  1086 | D:2      | Reached skill level 1 in Evocations
  1186 | D:2      | You fall into a shaft and drop 1 floor!
  1198 | D:3      | Reached XP level 4. HP: 41/41 MP: 5/5
  1208 | D:3      | HP: 1/61 [gnoll/+0 halberd (6)]
  1211 | D:3      | Reached skill level 1 in Conjurations
  1211 | D:3      | Reached skill level 1 in Hexes
  1211 | D:3      | Reached skill level 1 in Summonings
  1211 | D:3      | Reached skill level 1 in Necromancy
  1211 | D:3      | Reached skill level 1 in Translocations
  1211 | D:3      | Reached skill level 1 in Transmutations
  1211 | D:3      | Reached skill level 1 in Fire Magic
  1211 | D:3      | Reached skill level 1 in Ice Magic
  1211 | D:3      | Reached skill level 1 in Air Magic
  1211 | D:3      | Reached skill level 1 in Earth Magic
  1211 | D:3      | Reached skill level 1 in Poison Magic
  1572 | D:3      | Found a hide-covered altar of Uskayaw.
  1572 | D:3      | Noticed a +0 dagger
  1621 | D:3      | HP: 2/41 [gnoll/+0 flail (10)]
  1622 | D:3      | Slain by a gnoll

Illustrated notes

Levels and vault maps discovered:
D:1:      onia_arrival_pentagram, layout_loops_ring,
          dilly_ecumenical_altar_fadedgnrine, hangedman_abyss_or_decor_stabs
D:2:      layout_basic
D:3:      minmay_recursive_quarters, layout_basic, dancing_weapons_uskayaw,
          serial_shops, nicolae_shop_window_shopping, dk_noncrumbling_3,
          minmay_surrounded, uniq_robin

Skill      XL: |  1  2  3  4 |
---------------+-------------+-----
Invocations    | 1 |  1.4
Short Blades   | 1 |  1.2
Long Blades    | 1 |  1.2
Maces & Flails | 1 |  1.2
Polearms       | 1 |  1.2
Staves         | 1 |  1.2
Ranged Weapons | 1 |  1.2
Throwing       | 1 |  1.2
Dodging        | 1 |  1.2
Stealth        | 1 |  1.2
Unarmed Combat | 1 |  1.2
Spellcasting   | 1 |  1.2
Evocations     | 1 |  1.2
Conjurations   | 1 |  1.0
Hexes          | 1 |  1.0
Summonings     | 1 |  1.0
Necromancy     | 1 |  1.0
Translocations | 1 |  1.0
Transmutations | 1 |  1.0
Fire Magic     | 1 |  1.0
Ice Magic      | 1 |  1.0
Air Magic      | 1 |  1.0
Earth Magic    | 1 |  1.0
Poison Magic   | 1 |  1.0
Fighting       | |  6.6
Axes           | |  4.7
Armour         | |  6.6
Shields        | |  6.6

Action                   |  1- 3 |  4- 6 || total
-------------------------+-------+-------++-------
Melee: War axe           |    97 |    31 ||   128
       Bite              |     7 |     5 ||    12
  Use: Potion            |       |     2 ||     2
Armor: Scale mail        |    60 |    21 ||    81
Dodge: Dodged            |    37 |    13 ||    50
Block: Buckler           |    25 |    10 ||    35
